 Dungeon Crawl Stone Soup version 0.31-a0-210-gccc998df9b (webtiles) character file.

Game seed: 2012359278666622289

722 qw the Chopper (level 7, -2/43 HPs)
             Began as a Gargoyle Fighter on June 29, 2023.
             Was an Initiate of Okawaru.
             Slain by a wight
             ... wielding a +5 mace
              (12 damage)
             ... on level 6 of the Dungeon.
             The game lasted 00:02:09 (3985 turns).

qw the Chopper (Gargoyle Fighter)                   Turns: 3985, Time: 00:02:09

Health: -2/43      AC: 23    Str: 19    XL:     7   Next: 71%
Magic:  7/7        EV:  5    Int: 12    God:    Okawaru [......]
Gold:   312        SH:  8    Dex:  9    Spells: 6/6 levels left

rFire   . . .        Y - +1 war axe (protect)
rCold   + . .        c - +0 buckler
rNeg    + + .        p - +0 plate armour
rPois   inf          (no helmet)
rElec   +            (no cloak)
rCorr   +            (no gloves)
SInv    .            (no boots)
Will    .....        (no amulet) Stlth
                     f - ring of protection from cold
HPRegen 0.27/turn    i - ring "Taubbil" {rElec rN+ rCorr Int+3}
MPRegen 0.10/turn

%: no passive effects
@: under a protective aura
A: sickness immunity, AC +4, negative energy resistance 1, electricity
resistance, torment resistance 1, petrification resistance, large bone plates 1,
weak 1, wild magic 1
a: Renounce Religion


You were on level 6 of the Dungeon.
You worshipped Okawaru.
Okawaru was noncommittal.
You visited 1 branch of the dungeon, and saw 6 of its levels.

You collected 312 gold pieces.


Innate Abilities, Weirdness & Mutations

You are immune to sickness and miasma.
Your stone body is resilient. (AC +4)
You are immune to poison.
You resist negative energy. (rN+)
You are resistant to electric shocks. (rElec)
You are resistant to unholy torment.
You are immune to petrification.
You are partially covered in large bone plates. (SH +4)
You are weak. (Str -2)
Your spells are a little harder to cast, but a little more powerful.


   Skills:
 + Level 4.3 Fighting
 - Level 7.1 Axes
 - Level 3.2 Armour
 - Level 1.2 Dodging
 - Level 3.2 Shields


You had 6 spell levels left.
You didn't know any spells.
Your spell library was empty.

Inventory:

Hand Weapons
 k - the +5 hand axe of Fucsiamp {flame, *Noise rCorr Stlth+}
   (You found it on level 2 of the Dungeon)

   *Noise:    It may make noises in combat.
   rCorr:     It protects you from acid and corrosion.
   Stlth:     It makes you more stealthy.
 Y - a +1 war axe of protection (weapon)
Armour
 c - a +0 buckler (worn)
 p - a +0 plate armour (worn)
Jewellery
 f - a ring of protection from cold (left hand)
 i - the ring "Taubbil" (right hand) {rElec rN+ rCorr Int+3}
   (You found it on level 3 of the Dungeon)

   [ring of resist corrosion]

   Int:       It affects your intelligence (+3).
   rElec:     It insulates you from electricity.
   rN:        It protects you from negative energy.
   rCorr:     It protects you from acid and corrosion.
 q - an amulet of guardian spirit
Scrolls
 e - a scroll of identify
Potions
 a - 2 potions of enlightenment
 d - a potion of might
 g - a potion of curing
 h - a potion of resistance
 j - 3 potions of mutation
 m - a potion of magic
 n - a potion of attraction {unknown}
 o - a potion of haste
 r - a potion of heal wounds {unknown}

Dungeon Overview and Level Annotations

Branches:
Dungeon (6/15)
 Temple: D:4-7

Altars:
Fedhas
Okawaru
Vehumet

Annotations:
D:5 3 runed translucent doors, qw's ghost, amateur DEHu


Message History

3914 ||| DRINKING 2 fuming silvery potions.
It was a potion of haste.
You feel yourself speed up.
Could not explore, unopened runed door.
(D) Dungeon
Where to? (* - list waypoints, Enter - D:5, ? - help)
What level of the Dungeon? (default 1, ? - help)
There is a stone staircase leading down here.
You climb downwards.
There is a stone staircase leading up here.
Waypoint 5 assigned to D:6.
a - 2 potions of enlightenment (gained 1)
Your extra speed is starting to run out.
A wight comes into view. It is wielding a +5 mace.
You feel yourself slow down.
You hit the wight but do no damage.
Your weapon exudes an aura of protection.
The wight hits you but does no damage.
You hit the wight.
The wight is moderately damaged.
The wight hits you with a +5 mace.
You hit the wight.
The wight is heavily damaged.
The wight hits you but does no damage.
You closely miss the wight.
The wight is heavily damaged.
The wight hits you with a +5 mace!
You closely miss the wight.
The wight is heavily damaged.
The wight hits you but does no damage.
You closely miss the wight.
The wight is heavily damaged.
The wight hits you with a +5 mace! x2
You closely miss the wight.
The wight is heavily damaged.
The wight hits you with a +5 mace.
You slash the wight!
Your weapon exudes an aura of protection.
The wight is almost destroyed.
The wight hits you with a +5 mace!
You die...

...###### ~.....z.#
.~.#####@## ####
.~........# ...
.~.##..#.#########
#.. #..##.........
...
#..##.###########.#
#...............#.#
#.###.#########.#.#
#.....# #.#.###
####### #.#....


You could see a wight.

Vanquished Creatures
  Grinder (D:3)
  A black bear (D:5)
  A phantom (D:5)
  A scorpion (D:5)
  A howler monkey (D:4)
  Ijyb (D:3)
  A sleepcap (D:5)
  2 orc wizards (D:4)
  6 adders
  2 shadow imps
  An ufetubus (D:5)
  2 worms
  A dart slug (D:3)
  5 orcs (D:4)
  8 bats
  9 endoplasms
  6 giant cockroaches
  6 goblins
  7 hobgoblins
  6 jackals
  4 quokkas
  8 ball pythons
  2 frilled lizards (D:2)
  10 kobolds
  A rat (D:2)
93 creatures vanquished.

Notes
Turn   | Place    | Note
-------+----------+-------------------------------------------
     0 | D:1      | qw the Gargoyle Fighter began the quest for the Orb.
     0 | D:1      | Reached XP level 1. HP: 14/14 MP: 1/1
     0 | D:1      | 0 ||| qw: Version: 0.3-a-24-ga2abf7b
     0 | D:1      | 0 ||| qw: Game counter: 6958
     0 | D:1      | 0 ||| qw: Melee chars always use a shield: true
     0 | D:1      | 0 ||| qw: God list: Okawaru
     0 | D:1      | 0 ||| qw: Allow faded altars: false
     0 | D:1      | 0 ||| qw: Do Orc after clearing Dungeon:15 true
     0 | D:1      | 0 ||| qw: Do second Lair branch before Depths: true
     0 | D:1      | 0 ||| qw: Lair rune preference: random
     0 | D:1      | 0 ||| qw: Goals: Normal, Zot:1-4, Slime:5, God:TSO, Crypt,
                  | Tomb, Abyss, Pan, Hells, Win
     0 | D:1      | 0 ||| PLANNING D:1-11
    67 | D:1      | Reached skill level 2 in Axes
   252 | D:1      | Reached XP level 2. HP: 18/19 MP: 2/2
   277 | D:1      | 277 ||| Stepping ~*~*~tactically~*~*~ (stealth).
   298 | D:1      | 298 ||| Stepping ~*~*~tactically~*~*~ (stealth).
   299 | D:1      | 299 ||| Stepping ~*~*~tactically~*~*~ (stealth).
   300 | D:1      | 300 ||| Stepping ~*~*~tactically~*~*~ (stealth).
   302 | D:1      | 302 ||| Stepping ~*~*~tactically~*~*~ (stealth).
   407 | D:1      | Reached skill level 3 in Axes
   466 | D:1      | Reached XP level 3. HP: 23/23 MP: 3/3
   793 | D:1      | 793 ||| UPGRADING to ring of protection from cold.
   794 | D:1      | 794 ||| READING scroll labelled VYEJAU UHOSCH.
   816 | D:2      | 816 ||| DROPPING +0 whip.
  1149 | D:2      | Identified the +5 hand axe of Fucsiamp {flame, *Noise rCorr
                  | Stlth+}
  1151 | D:2      | 1151 ||| DROPPING +0 mace.
  1487 | D:2      | Reached XP level 4. HP: 26/28 MP: 4/4
  1589 | D:2      | 1589 ||| READING 2 scrolls labelled DOITSE APOR.
  1590 | D:2      | 1590 ||| READING scroll labelled LOQOARGH UCUCYM.
  1591 | D:2      | 1591 ||| DRINKING 2 sapphire potions.
  1639 | D:3      | Reached skill level 4 in Axes
  1640 | D:3      | Noticed Ijyb
  1644 | D:3      | 1644 ||| STAIRDANCE
  1770 | D:3      | 1770 ||| Stepping ~*~*~tactically~*~*~ (hiding).
  1790 | D:3      | Killed Ijyb
  1800 | D:3      | Found an iron altar of Okawaru.
  1801 | D:3      | 1801 ||| PLANNING OKAWARU WORSHIP
  1801 | D:3      | Noticed Grinder
  1802 | D:3      | Paralysed by Grinder for 5 turns
  1807 | D:3      | Found a radiant altar of Vehumet.
  1816 | D:3      | Paralysed by Grinder for 2 turns
  1824 | D:3      | Killed Grinder
  1825 | D:3      | Reached skill level 5 in Axes
  1825 | D:3      | Reached XP level 5. HP: 29/32 MP: 5/5
  1825 | D:3      | Reached XP level 6. HP: 34/37 MP: 6/6
  1839 | D:3      | Found a blossoming altar of Fedhas.
  1843 | D:3      | Became a worshipper of Warmaster Okawaru
  1844 | D:3      | 1844 ||| PLANNING D:1-11
  2070 | D:3      | Identified the ring "Taubbil" {rElec rN+ rCorr Int+3}
  2237 | D:3      | 2237 ||| UPGRADING to ring "Taubbil" {rElec rN+ rCorr
                  | Int+3}.
  2238 | D:3      | 2238 ||| READING scroll labelled SENTAU DIJI.
  2239 | D:3      | 2239 ||| DRINKING 3 lumpy emerald potions.
  2239 | D:3      | Gained mutation: You are weak. (Str -2) [potion of
                  | mutation]
  2239 | D:3      | Gained mutation: Your spells are a little harder to cast,
                  | but a little more powerful. [potion of mutation]
  2239 | D:3      | Gained mutation: You are partially covered in large bone
                  | plates. (SH +4) [potion of mutation]
  2240 | D:3      | 2240 ||| READING 2 scrolls of identify.
  2240 | D:3      | 2240 ||| IDENTIFYING smoky golden potion
  2280 | D:4      | 2280 ||| Stepping ~*~*~tactically~*~*~ (hiding).
  2415 | D:4      | 2415 ||| Stepping ~*~*~tactically~*~*~ (hiding).
  2417 | D:4      | 2417 ||| Stepping ~*~*~tactically~*~*~ (hiding).
  2433 | D:4      | 2433 ||| Stepping ~*~*~tactically~*~*~ (hiding).
  2437 | D:4      | 2437 ||| Stepping ~*~*~tactically~*~*~ (stealth).
  2464 | D:4      | 2464 ||| Stepping ~*~*~tactically~*~*~ (stealth).
  2478 | D:4      | 2478 ||| Stepping ~*~*~tactically~*~*~ (stealth).
  2480 | D:4      | 2480 ||| Stepping ~*~*~tactically~*~*~ (stealth).
  2501 | D:4      | 2501 ||| Stepping ~*~*~tactically~*~*~ (stealth).
  2523 | D:4      | 2523 ||| Stepping ~*~*~tactically~*~*~ (stealth).
  2547 | D:4      | 2547 ||| Stepping ~*~*~tactically~*~*~ (hiding).
  2583 | D:4      | 2583 ||| Stepping ~*~*~tactically~*~*~ (stealth).
  2611 | D:4      | 2611 ||| Stepping ~*~*~tactically~*~*~ (hiding).
  2875 | D:4      | Reached skill level 1 in Dodging
  2883 | D:4      | 2883 ||| Stepping ~*~*~tactically~*~*~ (stealth).
  2931 | D:4      | 2931 ||| Stepping ~*~*~tactically~*~*~ (stealth).
  2932 | D:4      | 2932 ||| Stepping ~*~*~tactically~*~*~ (stealth).
  2941 | D:4      | Reached skill level 6 in Axes
  2941 | D:4      | Reached XP level 7. HP: 43/43 MP: 7/7
  3114 | D:4      | 3114 ||| READING 4 scrolls of identify.
  3114 | D:4      | 3114 ||| IDENTIFYING amethyst potion
  3115 | D:4      | 3115 ||| READING 3 scrolls of identify.
  3115 | D:4      | 3115 ||| IDENTIFYING fizzy clear potion
  3116 | D:4      | 3116 ||| READING 2 scrolls of identify.
  3116 | D:4      | 3116 ||| IDENTIFYING silvery potion
  3117 | D:4      | 3117 ||| DROPPING potion of degeneration.
  3123 | D:4      | 3123 ||| Stepping ~*~*~tactically~*~*~ (stealth).
  3151 | D:5      | Entered Level 5 of the Dungeon
  3382 | D:5      | Noticed qw's ghost (amateur DEHu)
  3384 | D:5      | Found a runed translucent gate.
  3384 | D:5      | Found a runed translucent gate.
  3384 | D:5      | Found a runed translucent gate.
  3646 | D:5      | Reached skill level 7 in Axes
  3900 | D:5      | 3900 ||| UPGRADING to +0 plate armour.
  3910 | D:5      | 3910 ||| DROPPING +0 scale mail.
  3911 | D:5      | 3911 ||| DROPPING ring of wizardry.
  3912 | D:5      | 3912 ||| READING scroll labelled SUEWKATUECW.
  3913 | D:5      | 3913 ||| READING scroll labelled QOYCSU UJOED.
  3914 | D:5      | 3914 ||| DRINKING 2 fuming silvery potions.
  3984 | D:6      | HP: 9/43 [wight/+5 mace (6)]
  3985 | D:6      | Slain by a wight

Levels and vault maps discovered:
D:1:      lightli_iron_boxes, layout_loops_ring, minmay_curled_crystal
D:2:      layout_basic, kennysheep_generic_room_6
D:3:      layout_rooms, grunt_temple_overflow_open, uniq_grinder, uniq_ijyb
D:4:      layout_loops_ring
D:5:      layout_loops_ring, gammafunk_ghost_split
D:6:      layout_basic, mainiacjoe_overflow_boulevard,
          nicolae_overflow_hidden_temple, grunt_ministairs_15

Skill      XL: |  1  2  3  4  5  6  7 |
---------------+----------------------+-----
Axes           | 2 3 5 6 7 |  7.1
Fighting       | 4 |  4.3
Dodging        | 1 |  1.2
Armour         | |  3.2
Shields        | |  3.2

Action                     |  1- 3 |  4- 6 |  7- 9 || total
---------------------------+-------+-------+-------++-------
  Melee: War axe           |   113 |   179 |    58 ||   350
    Use: Scroll            |     1 |     4 |     5 ||    10
         Potion            |       |     2 |     1 ||     3
 Armour: Scale mail        |    65 |    70 |    22 ||   157
         Plate armour      |       |       |     3 ||     3
  Dodge: Dodged            |    48 |    69 |    25 ||   142
  Block: Buckler           |    25 |    49 |    24 ||    98

Table legend:
 A = Non-vault XP
 B = Vault XP
 C = Vault XP percentage of total XP
 D = Non-vault monster count
 E = Vault monster count
 F = Vault count percentage of total count
                 A         B        C        D         E       F
            +---------+---------+-------+---------+---------+-------
      Total |     722 |     310 |  30.0 |      87 |       6 |   6.5
            +---------+---------+-------+---------+---------+-------
        D:1 |      42 |       0 |   0.0 |      25 |       0 |   0.0
        D:2 |      47 |       5 |   9.6 |      13 |       4 |  23.5
        D:3 |      18 |     305 |  94.4 |       9 |       2 |  18.2
        D:4 |     219 |       0 |   0.0 |      32 |       0 |   0.0
        D:5 |     396 |       0 |   0.0 |       8 |       0 |   0.0
            +---------+---------+-------+---------+---------+-------
